 Dungeon Crawl Stone Soup version 0.25.0-46-gbd7b0854d2 (webtiles) character file.

Game seed: 12554508097719934583

170 Kold the Twirler (level 5, -1/42 HPs)
             Began as a Minotaur Gladiator on July 12, 2020.
             Was an Initiate of Okawaru.
             Slain by an ogre
             ... wielding a +0 giant club
              (10 damage)
             ... on level 4 of the Dungeon.
             The game lasted 00:04:05 (3192 turns).

Kold the Twirler (Minotaur Gladiator)               Turns: 3192, Time: 00:04:05

Health: -1/42      AC:  3    Str: 20    XL:     5   Next: 26%
Magic:  0/4        EV: 12    Int:  5    God:    Okawaru [......]
Gold:   98         SH:  0    Dex: 11    Spells: 4/4 levels left

rFire    . . .     SeeInvis .   a - +0 quarterstaff
rCold    . . .     Gourm    .   (shield currently unavailable)
rNeg     . . .     Faith    .   b - +0 leather armour
rPois    .         Spirit   +   c - +0 hat
rElec    .         Reflect  .   (no cloak)
rCorr    .         Harm     .   (no gloves)
MR       .....                  (no boots)
Stlth    +.........             p - amulet of guardian spirit
HPRegen  0.14/turn              (no ring)
MPRegen  0.09/turn              (no ring)

@: no status effects
A: retaliatory headbutt, horns 2
a: Renounce Religion


You were on level 4 of the Dungeon.
You worshipped Okawaru.
Okawaru was noncommittal.
You were not hungry.

You visited 2 branches of the dungeon, and saw 5 of its levels.

You collected 98 gold pieces.

Inventory:

Hand Weapons
 a - a +0 quarterstaff (weapon)
Armour
 b - a +0 leather armour (worn)
 c - a +0 hat (worn)
Jewellery
 p - an amulet of guardian spirit (around neck)
Wands
 o - a wand of iceblast (5)
Scrolls
 e - 4 scrolls of identify {unknown}
 h - 2 scrolls of amnesia {unknown}
 i - 2 scrolls of enchant armour {unknown}
 j - 2 scrolls of random uselessness {unknown}
 m - 4 scrolls of teleportation {unknown}
 q - a scroll of magic mapping {unknown}
 r - a scroll of enchant weapon {unknown}
 s - a scroll of remove curse {unknown}
 t - a scroll of blinking {unknown}
Potions
 k - 2 potions of curing {unknown}
 l - 2 potions of might {unknown}
 n - a potion of stabbing {unknown}
 u - a potion of haste {unknown}
 v - a potion of lignification {unknown}
Comestibles
 f - 5 rations
 g - 3 chunks of flesh


   Skills:
 - Level 2.4 Fighting
 + Level 7.3 Staves
 - Level 2.0 Throwing
 - Level 3.2 Dodging


You had 4 spell levels left.
You didn't know any spells.
Your spell library contained the following spells:

 Spells                   Type           Power        Failure   Level  Hunger
 Magic Dart               Conj           #...         54%         1    ##.....
 Blink                    Tloc           N/A          67%         2    ###....
 Call Imp                 Summ           #.......     67%         2    ###....
 Slow                     Hex            #.......     67%         2    ###....
 Conjure Flame            Conj/Fire      #.......     88%         3    ####...
 Mephitic Cloud           Conj/Pois/Air  #.......     88%         3    ####...


Dungeon Overview and Level Annotations

Branches:
Dungeon (4/15)             Temple (1/1) D:4

Altars:
Ashenzari
Dithmenos
Fedhas
Gozag
Hepliaklqana
Makhleb
Okawaru
Qazlal
Sif Muna
Trog
Uskayaw
Vehumet
Wu Jian
Yredelemnul
Zin


Innate Abilities, Weirdness & Mutations

You reflexively headbutt those who attack you in melee.
You have a pair of horns on your head.


Message History

The net rips apart, and the ogre comes free!
You barely miss the ogre.
The ogre is heavily wounded.
The ogre closely misses you.
Throwing (i - inventory)
d - a throwing net (quivered)
Press: ? - help, Shift-Dir - straight line, f/p - ogre
Aim: an ogre, wielding a +0 giant club (heavily wounded)
You throw a throwing net.
The throwing net barely misses the ogre.
You hit the ogre.
The ogre is severely wounded.
The ogre hits you with a +0 giant club!!
Ouch! That really hurt!
* * * LOW HITPOINT WARNING * * *
You are too injured to fight recklessly!
You barely miss the ogre. Your headbutt misses the ogre.
The ogre is severely wounded.
The frilled lizard unfolds its giant frill.
The ogre hits you with a +0 giant club!
You die...

.. .# ..#####.#
..... ....... .....
...... .....# ..(.
...... ##.. ...
......##..## ...
........lO.# ....
........@..# ?...#
.........#.##...##
.........#..[....#
#..####.....###..#.
## #.##.##.....
#.....#...# ##
##....#...###.#
###.......$...#
##...........


You could see an ogre and a frilled lizard.

Vanquished Creatures
  A gnoll (D:2)
  7 adders
  2 oozes
  3 worms
  4 dart slugs
  5 leopard geckos
  5 orcs
  3 ball pythons
  2 giant cockroaches
  7 goblins
  3 hobgoblins
  A quokka (D:3)
  7 bats
  5 frilled lizards (D:2)
  8 kobolds
  2 quokka skeletons (D:4)
  6 rats
71 creatures vanquished.

Notes
Turn   | Place    | Note
-------+----------+-------------------------------------------
     0 | D:1      | Kold the Minotaur Gladiator began the quest for the Orb.
     0 | D:1      | Reached XP level 1. HP: 18/18 MP: 0/0
   115 | D:1      | Reached skill level 4 in Staves
   227 | D:1      | Reached XP level 2. HP: 25/25 MP: 1/1
   868 | D:2      | Reached skill level 5 in Staves
   962 | D:2      | Reached XP level 3. HP: 30/30 MP: 2/2
  1000 | D:2      | Found a radiant altar of Vehumet.
  1499 | D:2      | Reached skill level 6 in Staves
  1499 | D:2      | Reached XP level 4. HP: 33/37 MP: 3/3
  1915 | D:2      | Found a hide-covered altar of Uskayaw.
  1929 | D:2      | Found a glowing silver altar of Zin.
  1953 | D:2      | Found a hazy altar of Hepliaklqana.
  2572 | D:3      | Found a bloodstained altar of Trog.
  2824 | D:3      | Reached XP level 5. HP: 42/42 MP: 4/4
  2837 | D:3      | Found a bloodstained altar of Trog.
  2933 | D:4      | Found a staircase to the Ecumenical Temple.
  2940 | D:3      | Reached skill level 7 in Staves
  2981 | D:4      | Noticed an ogre
  3147 | Temple   | Entered the Ecumenical Temple
  3154 | Temple   | Became a worshipper of Warmaster Okawaru
  3192 | D:4      | Slain by an ogre

Illustrated notes

Levels and vault maps discovered:
D:1:      minmay_arrival_widening_spiral_wide, layout_basic,
          lemuel_another_geyser
D:2:      kb_forest_paths, layout_basic, zin_treasury, lemuel_crystal_altar,
          lemuel_doored_altar, marbit_many_paths, hangedman_decor_slide_cut
D:3:      layout_rooms, nicolae_overflow_hidden_temple, st_stairs_10,
          trog_butcher_becter
D:4:      layout_cave_pools, nemelex_xobeh_ov_fountains_minmay,
          minmay_temple_entry_butterflies
Temple:   eino_temple_lava

Skill      XL: |  1  2  3  4  5 |
---------------+----------------+-----
Staves         | 4 5 6 7 |  7.3
Fighting       | |  2.4
Throwing       | |  2.0
Dodging        | |  3.2

Action                   |  1- 3 |  4- 6 || total
-------------------------+-------+-------++-------
Melee: Quarterstaff      |    65 |    89 ||   154
       Headbutt          |     8 |    20 ||    28
Throw: Throwing net      |       |     3 ||     3
 Stab: Sleeping          |     1 |       ||     1
  Eat: Chunk             |     2 |     5 ||     7
Armor: Leather armour    |    24 |    20 ||    44
Dodge: Dodged            |    54 |    69 ||   123
